 Dungeon Crawl Stone Soup version 0.16.1-30-g34a7ffa (webtiles) character file.

285 Liolo the Shield-Bearer (level 6, -18/53 HPs)
             Began as a Hill Orc Fighter on June 16, 2015.
             Engulfed by a cloud of flame (23 damage)
             ... on level 4 of the Dungeon on June 17, 2015.
             The game lasted 00:20:23 (3405 turns).

Liolo the Shield-Bearer (Hill Orc Fighter)          Turns: 3405, Time: 00:20:23

Health: -18/53     AC:  7    Str: 21    XL:     6   Next: 29%
Magic:  6/6        EV:  9    Int:  8    God:
Gold:   118        SH: 10    Dex: 10    Spells: 0 memorised, 5 levels left

rFire  . . .     SeeInvis +     a - +0 long sword
rCold  . . .     Clarity  .     p - +0 ring mail
rNeg   . . .     SustAb   .     c - +0 shield
rPois  .         Gourm    .     (no helmet)
rElec  .         Spirit   .     q - +0 cloak
rCorr  +         Warding  .     (no gloves)
rMut   .         Stasis   .     (no boots)
MR     .....                    r - amulet of resist corrosion
Stlth  ..........               L - ring of see invisible
                                K - ring of loudness

@: not resistant to hostile enchantments, extremely unstealthy
A: no striking features
a: no special abilities


You were on level 4 of the Dungeon.
You were not hungry.

You visited 1 branch of the dungeon, and saw 4 of its levels.

You collected 118 gold pieces.

Inventory:

Hand weapons
 a - a +0 long sword (weapon)
 N - a +0 falchion
 R - a +2 mace of holy wrath
Missiles
 f - 75 stones (quivered)
 t - 23 sling bullets
 u - 45 arrows
 y - 5 javelins of penetration
Armour
 b - a +0 scale mail
 c - a +0 shield (worn)
 p - a +0 ring mail (worn)
 q - a +0 cloak (worn)
 w - a +1 plate armour
 P - a cursed -2 leather armour
Jewellery
 r - an amulet of resist corrosion (around neck)
 J - an uncursed ring of flight
 K - a ring of loudness (left hand)
 L - a ring of see invisible (right hand)
 O - an uncursed ring of protection from magic
Scrolls
 i - 6 scrolls of magic mapping
 k - 3 scrolls of fog
 o - 4 scrolls of fear
 x - 5 scrolls of identify
 A - a scroll of enchant armour
 D - a scroll of teleportation
Potions
 e - a potion of might
 h - a potion of ambrosia {unknown}
 l - a potion of restore abilities {unknown}
 n - a potion of lignification {unknown}
 z - a potion of invisibility {unknown}
 C - 2 potions of mutation {unknown}
 G - 2 potions of curing
 H - a potion of brilliance {unknown}
 I - 2 potions of haste {unknown}
 M - a potion of heal wounds {unknown}
Comestibles
 d - 2 meat rations
 g - a beef jerky
 j - 2 bread rations
 v - a fruit
 E - 2 slices of pizza


   Skills:
 + Level 4.4 Fighting
 + Level 3.5 Long Blades
 + Level 4.7 Armour
 + Level 1.4 Dodging
 + Level 4.9 Shields


You had 5 spell levels left.
You didn't know any spells.

Dungeon Overview and Level Annotations

Branches:
Dungeon (4/15)
 Temple: D:4-7

Altars:
Dithmenos
Makhleb


Message History

You feel better. You block the worker ant's attack.
You slash the worker ant!
The worker ant is almost dead.
You block the worker ant's attack. The worker ant bites you.
You are poisoned.
The worker ant poisons you!
You hit the worker ant.
The worker ant is almost dead.
You feel sick. The worker ant bites you!
* * * LOW HITPOINT WARNING * * *
You are lethally poisoned!
The worker ant poisons you!
The worker ant bites you but does no damage.
You feel better. The worker ant barely misses you.
You hit the worker ant.
The worker ant explodes!
The fiery explosion engulfs you!
* * * LOW HITPOINT WARNING * * *
You are engulfed in roaring flames.
You die...

#.####
#.######.###
..........>#
###.######.#.#
.... #.#.# #..
#.#.#
#..######.#.#
#.....##§...######
#.....§§@........#
#.....§§..######.#
+......##.##
##.....#....#
#.....#.......
#.....#.##.####
#.....#. .#
#.....+. .#
#.....## #


There were no monsters in sight!

Vanquished Creatures
  A phantom (D:4)
  A jelly (D:3)
  A worker ant (D:4)
  A hound zombie (D:4)
  Terence (D:3)
  3 adders
  A worm (D:2)
  A giant gecko (D:1)
  An orc (D:3)
  A ball python (D:1)
  12 bats
  3 giant cockroaches
  8 goblins
  9 hobgoblins
  10 jackals
  A giant newt (D:3)
  7 kobolds
  A quokka (D:2)
  8 rats
71 creatures vanquished.

Notes
Turn   | Place    | Note
--------------------------------------------------------------
     0 | D:1      | Liolo, the Hill Orc Fighter, began the quest for the Orb.
     0 | D:1      | Reached XP level 1. HP: 19/19 MP: 1/1
   113 | D:1      | Reached XP level 2. HP: 18/27 MP: 2/2
   344 | D:1      | Reached skill level 4 in Shields
   660 | D:1      | Reached XP level 3. HP: 33/33 MP: 3/3
  1274 | D:2      | Found a shadowy altar of Dithmenos.
  1888 | D:2      | Reached XP level 4. HP: 32/40 MP: 4/4
  2411 | D:3      | Reached XP level 5. HP: 40/46 MP: 5/5
  2465 | D:3      | Found a burning altar of Makhleb.
  2465 | D:3      | Noticed an Executioner
  2470 | D:3      | Noticed a smoke demon
  2470 | D:3      | Noticed a smoke demon
  3077 | D:3      | Noticed Terence
  3092 | D:3      | Killed Terence
  3092 | D:3      | Reached skill level 1 in Dodging
  3244 | D:4      | Noticed a phantom
  3352 | D:4      | Killed a phantom
  3352 | D:4      | Reached XP level 6. HP: 20/53 MP: 6/6
  3405 | D:4      | Engulfed by a cloud of flame

Action                   |  1- 3 |  4- 6 || total
-------------------------+-------+-------++-------
Melee: Long sword        |   150 |   158 ||   308
  Use: Scroll            |       |    11 ||    11
       Potion            |       |     2 ||     2
  Eat: Chunk             |     2 |     5 ||     7
       Bread ration      |       |     1 ||     1
